AoeStats
← 100%Fairplay

Arabian Desert

509195427Analyzed
1v1 RM · 6d ago on Sep 25, 2026· 27m 31s· 2 players
Game mode
Random Map
Map size
Tiny (2 player)
Population
200
Speed
Normal
Resources
Standard
Victory
Conquest
Starting age
Dark Age
Ending age
Imperial Age
RankedLock teamsTeams togetherTeam positionsShared explorationLock speedFull tech treeHidden civsTurbo modeCheats
Victory
Defeat
🇫🇷 Inca · France
824
+16
🇦🇺 Byzantines · Australia
817
-16
100%Fairplay
7:23 Loom
10:50 Feudal Age
11:51 Double-Bit Axe
15:56 Wheelbarrow
15:45 Horse Collar
21:32 Castle Age
20:30 Stone Mining
20:43 Fletching
21:55 Crossbowman
23:07 Forging
22:52 Man-at-Arms
27:14 Iron Casting
Point and Click
2:49 Loom
11:14 Feudal Age
11:53 Double-Bit Axe
11:49 Horse Collar
11:53 Champi Runner
15:45 Arson
23:52 Castle Age
24:04 Champi Warrior
24:45 Squires
26:31 Forging
26:22 Scale Mail Armor
27:04 Pikeman
Connection lost

Rejoining the realm…

Still unreachable

The connection could not be restored.

Session expired

The server has moved on; the page needs a fresh start.